 Dungeon Crawl Stone Soup version 0.20.0-8-g6b59dc7 (webtiles) character file.

70577 ghjk the Severer (level 14, -3/127 HPs)
             Began as a Minotaur Fighter on May 30, 2017.
             Was the Champion of Okawaru.
             Slain by an alligator (15 damage)
             ... called by a spriggan druid
             ... on level 2 of the Swamp.
             The game lasted 00:44:47 (23409 turns).

ghjk the Severer (Minotaur Fighter)                Turns: 23409, Time: 00:44:48

Health: -3/127     AC: 27    Str: 28    XL:     14   Next: 94%
Magic:  13/13      EV: 10    Int:  5    God:    Okawaru [******]
Gold:   949        SH:  0    Dex: 11    Spells: 13/13 levels left

rFire    . . .     SeeInvis .   K - +2 executioner's axe (flame)
rCold    . . .     Gourm    .   (shield currently unavailable)
rNeg     . . .     Faith    +   D - +2 plate armour {rPois}
rPois    +         Spirit   .   I - +0 hat
rElec    .         Reflect  .   T - +0 cloak
rCorr    +         Harm     .   x - +2 pair of gloves {Str+3}
MR       +....                  U - +0 pair of boots {Fly}
Stlth    ..........             k - amulet of faith
Regen    0.4/turn               y - ring of resist corrosion
MPRegen  0.2/turn               (no ring)

@: flying, studying Crossbows
A: retaliatory headbutt, horns 2
a: Heroism, Finesse, Renounce Religion, Stop Flying


You were on level 2 of the Swamp.
You worshipped Okawaru.
Okawaru was exalted by your worship.
You were hungry.

You visited 4 branches of the dungeon, and saw 19 of its levels.
You also visited: Sewer and Bailey.

You collected 1693 gold pieces.
You spent 744 gold pieces at shops.

Inventory:

Hand Weapons
 a - a +0 war axe of flaming
 K - a +2 executioner's axe of flaming (weapon)
Missiles
 C - 32 tomahawks of returning (quivered)
Armour
 c - a +0 shield
 v - a +0 pair of boots
 x - a +2 pair of gloves of strength (worn)
 D - a +2 plate armour of poison resistance (worn)
 E - a +2 pair of boots of running
 I - a +0 hat (worn)
 T - a +0 cloak (worn)
 U - a +0 pair of boots of flying (worn)
Jewellery
 b - an uncursed amulet of harm {unknown}
 k - an amulet of faith (around neck)
 y - a ring of resist corrosion (left hand)
 M - an uncursed ring of protection from cold {unknown}
 N - a cursed ring of loudness {unknown}
 W - an uncursed amulet of magic regeneration
Wands
 r - a wand of random effects (18/48)
 t - a wand of lightning (3/15)
 B - a wand of acid (11/15)
 G - a wand of digging (7/24)
 H - a wand of acid (7/15)
 O - a wand of polymorph (11/24)
 S - a wand of disintegration (15/24)
 V - a wand of random effects (21/48)
Scrolls
 e - 8 scrolls of teleportation
 l - 7 scrolls of enchant armour
 q - 5 scrolls of fog
 s - 6 scrolls of remove curse
 u - 2 scrolls of recharging
 w - 3 scrolls of magic mapping
 L - 2 scrolls of identify
 Q - 2 scrolls of fear
Potions
 d - 2 potions of cancellation
 g - a potion of curing
 h - 6 potions of haste
 i - a potion of agility
 j - 4 potions of flight
 m - 2 potions of ambrosia
 n - a potion of brilliance
 o - a potion of berserk rage
 A - 2 potions of magic
 R - a potion of heal wounds
 Z - a potion of lignification
Books
 X - a manual of Crossbows
Comestibles
 f - 9 bread rations
 p - 10 meat rations
 F - 5 royal jellies


   Skills:
 + Level 12.8 Fighting
 * Level 20.1 Axes
   Level 2.2(13.8) Maces & Flails
 + Level 1.6 Throwing
 * Level 16.9 Armour
 + Level 3.5 Dodging
 + Level 1.0 Stealth
 - Level 8.0 Shields
 + Level 0.6 Invocations


You had 13 spell levels left.
You didn't know any spells.

Dungeon Overview and Level Annotations

Branches:
Dungeon (9/15)             Temple (1/1) D:4            Lair (6/6) D:9
  Swamp (3/4) Lair:4       Spider (0/4) Lair:4        Slime (0/5) Lair:6
    Orc: D:9-12

Altars:
Ashenzari
Cheibriados
Dithmenos
Elyvilon
Fedhas
Gozag
Hepliaklqana
Kikubaaqudgha
Makhleb
Nemelex Xobeh
Okawaru
Qazlal
Ru
Sif Muna
Trog
Uskayaw
Vehumet
Xom
Yredelemnul
Zin
The Shining One

Shops:
D:9 *%}(}

Portals:
Ice
Cave: Lair:3

Annotations:
D:7 1 runed door, exclusion: orange crystal statue
D:8 exclusion: oklob plant
Lair:4 1 runed door
Swamp:3 Mara


Innate Abilities, Weirdness & Mutations

You reflexively headbutt those who attack you in melee.
You have a pair of horns on your head.


Message History

The alligator barely misses you.
You barely miss the alligator.
The alligator is moderately wounded.
The alligator bites you but does no damage.
The alligator closely misses you. The alligator bites you!
* * * LOW HITPOINT WARNING * * *
The alligator tail-slaps you!
* * * LOW HITPOINT WARNING * * *
A tyrant leech comes into view.
Unknown command.
You hit the alligator. You burn the alligator.
You headbutt the alligator, but do no damage.
The alligator is moderately wounded.
The alligator bites you!
* * * LOW HITPOINT WARNING * * *
The alligator tail-slaps you but does no damage.
You slash the alligator! You burn the alligator. You headbutt the alligator!
The alligator is severely wounded.
The alligator bites you!
You die...

≈.....=.[♣♣..♣ ♣.≈≈.♣.≈..♣≈...≈
♣♣♣♣♣♣≈≈..♣♣♣♣ ♣≈≈≈.w≈♣♣≈..≈..≈
♣♣♣≈.♣≈.♣♣♣♣♣≈≈≈≈i.♣♣♣≈≈≈..≈ ♣
♣♣♣..♣♣...≈§♣.≈≈≈≈≈.≈♣≈≈≈.≈≈ ♣
♣♣≈≈≈.≈≈...♣♣♣≈≈≈≈..≈♣♣.≈..♣♣ ♣
♣.≈≈≈..≈≈♣♣♣..≈≈≈.♣♣♣♣♣♣≈≈♣♣ ♣
♣..≈≈..♣♣♣.≈≈≈≈≈≈≈≈♣♣ ♣♣♣♣ ♣
♣♣..≈≈....≈≈...≈≈≈≈≈♣ ♣♣≈♣♣♣♣ ♣
♣≈.≈≈.....t@..≈≈≈≈≈♣♣♣......
♣♣♣♣♣♣♣♣....§≈.....≈≈≈.♣♣≈♣.≈≈≈≈≈
.≈≈≈≈♣..♣≈..≈..≈≈≈.≈≈≈≈♣≈..≈≈..≈≈
.≈≈≈≈..≈♣♣≈§♣♣.≈≈≈.≈≈.≈.≈≈≈≈≈..≈≈
.≈≈≈≈.≈♣♣♣♣≈♣♣.≈≈.≈.....≈≈≈≈>.<≈≈
.≈≈≈≈.♣♣♣♣...≈≈.≈...♣♣..≈≈≈..≈♣.≈
.≈≈≈≈.≈♣♣..≈≈≈..§≈≈≈.♣.≈≈≈≈..♣♣♣.
.≈≈≈≈≈...♣.≈.....≈≈≈....≈≈≈.♣♣ ♣♣
♣.≈≈≈≈≈[.......≈≈≈≈≈≈≈.≈≈≈..♣♣♣


You could see an alligator, a tyrant leech and a spriggan druid.

Vanquished Creatures
  A thorn hunter (Swamp:2)
  13 hydras
  Fannar (Lair:3)
  7 alligators
  A tengu warrior (D:9)
  3 death yaks (Lair:6)
  3 swamp dragons
  A spriggan druid (Swamp:3)
  A shambling mangrove (Swamp:2)
  An orc knight (Bailey)
  A salamander (Lair:2)
  6 elephants
  A manticore (D:9)
  4 black mambas
  24 spiny frogs
  A torpor snail (Lair:6)
  9 komodo dragons
  A troll (D:9)
  3 tyrant leeches
  A meliai (D:9)
  Grinder (D:5)
  5 polar bears (Lair:6)
  Prince Ribbit (D:5)
  13 hornets
  11 blink frogs
  7 bog bodies
  4 slime creatures
  3 dream sheep (Lair:6)
  4 hippogriffs
  18 spriggans
  35 yaks
  A wraith (D:9)
  6 basilisks
  2 fire bats (Lair:2)
  2 wyverns
  A steam dragon (D:9)
  13 vampire mosquitoes
  Edmund (D:4)
  18 swamp worms
  9 insubstantial wisps
  A soldier ant (D:9)
  7 water moccasins
  3 swamp drakes
  Duvessa (D:5)
  11 porcupines
  A sky beast (D:6)
  2 black bears (Lair:6)
  4 orc warriors
  An ice beast (D:7)
  2 phantoms
  2 centaurs
  A hornet zombie (D:9)
  27 wolves
  8 crocodiles
  An ogre (D:8)
  5 boggarts (Lair:6)
  8 bullfrogs
  Dowan (D:5)
  2 scorpions (Lair:4)
  3 wights (D:7)
  4 killer bees (Lair:4)
  6 howler monkeys
  2 electric eels (Lair:4)
  3 crimson imps
  3 hounds
  3 iron imps (D:8)
  2 jellies (Lair:6)
  4 orc priests
  5 worker ants
  7 iguanas
  Natasha (D:4)
  6 orc wizards
  4 hell rats (Lair:5)
  2 hound zombies (D:3)
  2 hound skeletons (D:3)
  A killer bee simulacrum (D:9)
  Robin (D:2)
  4 gnolls
  3 worker ant zombies (D:3)
  14 adders
  2 howler monkey skeletons
  A river rat (D:3)
  A shadow imp (D:9)
  3 oozes (D:4)
  An adder zombie (D:3)
  3 adder skeletons
  6 worms
  2 dart slugs
  3 leopard geckos
  26 orcs
  4 ball pythons
  3 giant cockroaches
  19 goblins
  13 hobgoblins
  7 jackals
  3 quokkas
  10 bats
  7 frilled lizards
  A jackal skeleton (D:3)
  A jackal zombie (D:5)
  28 kobolds
  4 leopard gecko skeletons
  A leopard gecko zombie (D:3)
  A quokka zombie (D:6)
  6 rats
  3 briar patches (Swamp:2)
  5 fungi
570 creatures vanquished.

Vanquished Creatures (collateral kills)
  A bullfrog (D:8)
1 creature vanquished.

Vanquished Creatures (others)
  A spiny frog (Swamp:3)
  20 fungi
  23 plants
44 creatures vanquished.

Grand Total: 615 creatures vanquished

Notes
Turn   | Place    | Note
-------+----------+-------------------------------------------
     0 | D:1      | ghjk the Minotaur Fighter began the quest for the Orb.
     0 | D:1      | Reached XP level 1. HP: 19/19 MP: 0/0
   117 | D:1      | Reached XP level 2. HP: 23/27 MP: 1/1
   685 | D:2      | Reached XP level 3. HP: 31/33 MP: 2/2
   798 | D:2      | Reached skill level 3 in Axes
   858 | D:2      | Reached XP level 4. HP: 35/40 MP: 3/3
   897 | D:2      | Noticed Robin
   909 | D:2      | Killed Robin
  1457 | D:3      | Found a glowing drain.
  1461 | D:3      | Reached skill level 1 in Dodging
  1472 | Sewer    | Entered a sewer
  1524 | Sewer    | Reached skill level 4 in Axes
  1524 | Sewer    | Reached XP level 5. HP: 43/47 MP: 4/4
  2415 | D:3      | Reached skill level 5 in Armour
  2440 | D:3      | Reached skill level 5 in Axes
  2463 | D:3      | Reached XP level 6. HP: 44/53 MP: 5/5
  2815 | D:4      | Noticed Natasha
  2821 | D:4      | Killed Natasha
  2831 | D:4      | Noticed Edmund
  2844 | D:4      | Killed Edmund
  2844 | D:4      | Reached skill level 6 in Axes
  2847 | D:4      | Found a shadowy altar of Dithmenos.
  2952 | D:4      | Found a sacrificial altar of Ru.
  2996 | D:4      | Found a staircase to the Ecumenical Temple.
  3004 | D:4      | Reached XP level 7. HP: 60/60 MP: 6/6
  3012 | Temple   | Entered the Ecumenical Temple
  3061 | Temple   | Became a worshipper of Warmaster Okawaru
  3340 | D:5      | Entered Level 5 of the Dungeon
  3356 | D:5      | Noticed Grinder
  3372 | D:5      | Paralysed by Grinder for 5 turns
  3377 | D:5      | Killed Grinder
  3377 | D:5      | Reached skill level 7 in Axes
  3377 | D:5      | Reached skill level 5 in Shields
  3574 | D:5      | Reached skill level 5 in Fighting
  3840 | D:5      | Noticed Duvessa
  3840 | D:5      | Noticed Dowan
  3858 | D:5      | Killed Duvessa
  3858 | D:5      | Reached * piety under Okawaru
  3863 | D:5      | Killed Dowan
  3863 | D:5      | Reached skill level 8 in Axes
  3915 | D:5      | Noticed Prince Ribbit
  3921 | D:5      | Killed Prince Ribbit
  3921 | D:5      | Reached ** piety under Okawaru
  3921 | D:5      | Reached XP level 8. HP: 35/68 MP: 7/7
  4155 | D:6      | Reached skill level 9 in Axes
  4716 | D:6      | Reached *** piety under Okawaru
  5040 | D:7      | Found a flagged portal.
  5045 | Bailey   | Entered a bailey
  5082 | Bailey   | Noticed an orc knight
  5192 | Bailey   | Reached skill level 10 in Axes
  5319 | Bailey   | Reached XP level 9. HP: 75/75 MP: 8/8
  5407 | Bailey   | Killed an orc knight
  5407 | Bailey   | Reached **** piety under Okawaru
  5407 | Bailey   | Reached skill level 1 in Throwing
  5858 | D:7      | Found a runed door.
  5980 | D:7      | Found a runed door.
  6114 | D:7      | Reached skill level 11 in Axes
  6161 | D:7      | Noticed an orange crystal statue
  6793 | D:8      | Reached ***** piety under Okawaru
  6793 | D:8      | Received a gift from Okawaru
  6793 | D:8      | Reached skill level 12 in Axes
  6873 | D:8      | Found a blossoming altar of Fedhas.
  6896 | D:8      | Noticed an oklob plant
  6983 | D:8      | Found a burning altar of Makhleb.
  7125 | D:9      | Found a staircase to the Lair.
  7125 | D:9      | Noticed an elephant
  7221 | D:9      | Found Cehil's Gadget Shoppe.
  7226 | D:9      | Found a shimmering altar of Xom.
  7245 | D:9      | Found a deep blue altar of Sif Muna.
  7270 | D:9      | Found Hog Fyri's Weapon Shoppe.
  7300 | D:9      | Noticed a manticore
  7307 | D:9      | Killed a manticore
  7307 | D:9      | Reached XP level 10. HP: 53/84 MP: 9/9
  7492 | D:9      | Found a white marble altar of Elyvilon.
  7644 | D:9      | Received a gift from Okawaru
  7667 | D:9      | Killed an elephant
  7857 | D:9      | Found Vuipatt's Food Shop.
  7868 | D:9      | Bought a bread ration for 50 gold pieces
  7868 | D:9      | Bought a meat ration for 50 gold pieces
  7868 | D:9      | Bought a bread ration for 50 gold pieces
  7868 | D:9      | Bought a bread ration for 50 gold pieces
  7910 | D:9      | Reached skill level 13 in Axes
  7970 | D:9      | Found Mofen's General Store.
  7976 | D:9      | Bought a +2 pair of gloves of strength for 344 gold pieces
  7976 | D:9      | Bought a scroll of blinking for 120 gold pieces
  7976 | D:9      | Bought a potion of curing for 48 gold pieces
  7976 | D:9      | Bought a scroll of identify for 32 gold pieces
  7993 | D:9      | Noticed a two-headed ogre
  8000 | D:9      | Noticed a tengu warrior
  8006 | D:9      | Reached skill level 10 in Armour
  8011 | D:9      | Killed a tengu warrior
  8011 | D:9      | Received a gift from Okawaru
  8176 | D:9      | Found Malleac's Gadget Boutique.
  8206 | D:9      | Identified the Reference Book on the Entourage
  8459 | Lair:1   | Entered Level 1 of the Lair of Beasts
  8485 | Lair:1   | Reached XP level 11. HP: 19/93 MP: 10/10
  8881 | Lair:1   | Reached ****** piety under Okawaru
  9125 | Lair:1   | Reached skill level 14 in Axes
  9191 | Lair:1   | HP: 4/94 [komodo dragon (12)]
 10419 | Lair:2   | Noticed a four-headed hydra
 10620 | Lair:2   | Received a gift from Okawaru
 10664 | Lair:2   | Reached skill level 15 in Axes
 11435 | Lair:2   | Killed a four-headed hydra
 11435 | Lair:2   | Received a gift from Okawaru
 11435 | Lair:2   | Reached skill level 1 in Maces & Flails
 11592 | Lair:2   | Reached XP level 12. HP: 77/103 MP: 11/11
 11610 | Lair:2   | Noticed a six-headed hydra
 12010 | Lair:2   | Killed a three-headed hydra
 12080 | Lair:3   | Found a frozen archway.
 12107 | Lair:3   | Noticed Fannar
 12121 | Lair:3   | Killed Fannar
 12154 | Lair:3   | Reached skill level 16 in Axes
 12206 | Lair:2   | Got an ancient broad axe {god gift}
 12207 | Lair:2   | Identified the +6 broad axe of the Exiled Seas {drain, MR++ Str-2 Int+5} (Okawaru gifted it to you on level 2 of the Lair of Beasts)
 12263 | Lair:3   | You are sucked into a shaft for 2 floors!
 13018 | Lair:5   | Reached skill level 1 in Stealth
 13250 | Lair:6   | Entered Level 6 of the Lair of Beasts
 13276 | Lair:6   | Found a staircase to the Slime Pits.
 13343 | Lair:6   | Received a gift from Okawaru
 13354 | Lair:6   | Got a faintly glowing broad axe {god gift}
 13355 | Lair:6   | Identified the +6 broad axe of Fortitude {flame, rElec rC+ rN+ Dex-4} (Okawaru gifted it to you on level 6 of the Lair of Beasts)
 13409 | Lair:6   | Noticed an eight-headed hydra
 13415 | Lair:6   | Killed a six-headed hydra
 13415 | Lair:6   | Reached skill level 10 in Fighting
 13528 | Lair:6   | Received a gift from Okawaru
 14089 | Lair:6   | Reached XP level 13. HP: 111/114 MP: 12/12
 14091 | Lair:6   | Reached skill level 17 in Axes
 14756 | Lair:6   | Received a gift from Okawaru
 15299 | Lair:6   | Reached skill level 15 in Armour
 15976 | Lair:6   | Received a gift from Okawaru
 15982 | Lair:6   | Reached skill level 18 in Axes
 16280 | Lair:4   | Found a hole to the Spider Nest.
 16419 | Lair:4   | Found a runed door.
 16930 | Lair:4   | Found a staircase to the Swamp.
 16941 | Swamp:1  | Entered Level 1 of the Swamp
 16947 | Swamp:1  | Received a gift from Okawaru
 16947 | Swamp:1  | Reached XP level 14. HP: 100/126 MP: 13/13
 17670 | Swamp:2  | Noticed a thorn hunter
 17683 | Swamp:2  | Killed a thorn hunter
 17991 | Swamp:2  | Reached skill level 19 in Axes
 18337 | Swamp:2  | Received a gift from Okawaru
 19391 | Swamp:3  | Noticed Mara
 20925 | Swamp:3  | Received a gift from Okawaru
 20987 | Swamp:3  | Reached skill level 20 in Axes
 22023 | Swamp:3  | Noticed ghjk's illusion
 22300 | Swamp:3  | Noticed ghjk's illusion
 22680 | Swamp:3  | Noticed ghjk's illusion
 22700 | Swamp:3  | Noticed ghjk's illusion
 22999 | Swamp:3  | Noticed ghjk's illusion
 23298 | Swamp:3  | Noticed ghjk's illusion
 23409 | Swamp:2  | Slain by an alligator

Skill      XL: |  1  2  3  4  5  6  7  8  9 10 11 12 13 14 |
---------------+-------------------------------------------+-----
Armour         | 4 5 6 7 8 10 12 14 15 16 | 16.9
Fighting       | 4 5 6 7 8 10 12 | 12.8
Shields        | 4 5 7 8 |  8.0
Axes           | 3 4 5 6 8 10 12 13 15 16 18 20 | 20.1
Dodging        | 1 2 3 |  3.5
Throwing       | 1 |  1.6
Maces & Flails | 1 2 |  2.2
Stealth        | 1 |  1.0
Invocations    | |  0.6

Action                   |  1- 3 |  4- 6 |  7- 9 | 10-12 | 13-15 || total
-------------------------+-------+-------+-------+-------+-------++-------
Melee: War axe           |    92 |   180 |   361 |   611 |   393 ||  1637
       Headbutt          |     9 |    25 |    63 |   130 |   170 ||   397
       Flail             |       |       |       |     8 |       ||     8
       Broad axe         |       |       |       |    11 |       ||    11
       Executioner's axe |       |       |       |     6 |   377 ||   383
Throw: Tomahawk          |       |       |    18 |       |       ||    18
Invok: Heroism           |       |       |       |     1 |       ||     1
       Finesse           |       |       |       |       |     1 ||     1
  Use: Scroll            |     6 |     5 |     6 |     8 |     7 ||    32
       Potion            |       |     1 |     3 |     6 |     6 ||    16
  Eat: Chunk             |       |     6 |     8 |    10 |    11 ||    35
       Fruit             |       |     1 |     2 |    11 |    20 ||    34
       Meat ration       |       |       |     1 |       |       ||     1
       Royal jelly       |       |       |       |     1 |     1 ||     2
Armor: Scale mail        |    42 |    87 |    57 |       |       ||   186
       Plate armour      |       |       |    61 |   326 |   516 ||   903
Dodge: Dodged            |    25 |    54 |    92 |   184 |   348 ||   703
Block: Shield            |    53 |    83 |   200 |   191 |       ||   527
